 Dungeon Crawl Stone Soup version 0.21.1-1-g345015f (webtiles) character file.

3037 nicolaieve the Severer (level 9, -1/70 HPs)
             Began as a Minotaur Berserker on July 19, 2018.
             Was an Elder of Trog.
             Killed from afar by Ijyb (20 damage)
             ... with a wand of acid (2)
             ... on level 7 of the Dungeon.
             The game lasted 00:18:17 (4642 turns).

nicolaieve the Severer (Minotaur Berserker)         Turns: 4642, Time: 00:18:18

Health: -1/70      AC:  5    Str: 25    XL:     9   Next: 56%
Magic:  0/8        EV:  7    Int:  4    God:    Trog [****..]
Gold:   328        SH:  0    Dex: 10    Spells: 8/8 levels left

rFire    . . .     SeeInvis .   t - +0 war axe
rCold    . . .     Gourm    .   (no shield)
rNeg     . . .     Faith    .   z - +0 plate armour
rPois    .         Spirit   +   (helmet restricted)
rElec    .         Reflect  .   s - +0 cloak
rCorr    .         Harm     .   f - +0 pair of gloves
MR       ++...                  (no boots)
Stlth    ..........             v - amulet of guardian spirit
HPRegen  1.21/turn              (no ring)
MPRegen  0.11/turn              (no ring)

@: corroded, berserk cooldown, regenerating, slowed, very slow
A: retaliatory headbutt, horns 2
a: Berserk, Trog's Hand, Brothers in Arms, Burn Spellbooks, Renounce Religion


You were on level 7 of the Dungeon.
You worshipped Trog.
Trog was greatly pleased with you.
You were very hungry.

You visited 1 branch of the dungeon, and saw 7 of its levels.

You collected 328 gold pieces.

Inventory:

Hand Weapons
 a - a +0 hand axe
 t - a +0 war axe (weapon)
Armour
 f - a +0 pair of gloves (worn)
 s - a +0 cloak (worn)
 z - a +0 plate armour (worn)
Jewellery
 v - an amulet of guardian spirit (around neck)
Wands
 p - a wand of random effects (42)
 B - a wand of acid (6)
Scrolls
 b - 2 scrolls of blinking {unknown}
 d - 2 scrolls of amnesia {unknown}
 e - 12 scrolls of identify {unknown}
 g - 4 scrolls of remove curse {unknown}
 i - a scroll of random uselessness {unknown}
 j - 2 scrolls of fog {unknown}
 l - a scroll of enchant weapon {unknown}
 n - a scroll of fear {unknown}
 o - a scroll of noise {unknown}
 w - 2 scrolls of teleportation {unknown}
 y - a scroll of enchant armour {unknown}
Potions
 h - 4 potions of curing {unknown}
 k - a potion of lignification {unknown}
 m - a potion of invisibility {unknown}
 q - 2 potions of flight {unknown}
 r - a potion of resistance {unknown}
 u - 4 potions of degeneration {unknown}
 x - a potion of heal wounds {unknown}
 C - a potion of berserk rage {unknown}
 D - a potion of haste {unknown}
Books
 E - a book of Misfortune

   Spells                             Type                      Level
   a - Confusing Touch                Hexes                        1
   b - Confuse                        Hexes                        3
   c - Gell's Gravitas                Translocation                3
   d - Petrify                        Transmutation/Earth          4
   e - Metabolic Englaciation         Hexes/Ice                    5
   f - Yara's Violent Unravelling     Hexes/Transmutation          5
   Trog disapproves of the use of such an item.
Comestibles
 c - 16 rations
 A - 8 chunks of flesh


   Skills:
 - Level 3.6 Fighting
 + Level 15.3 Axes
 - Level 2.4 Armour
 - Level 2.1 Dodging


You had 8 spell levels left.
You didn't know any spells.

Dungeon Overview and Level Annotations

Branches:
Dungeon (7/15)             Temple (0/1) D:5

Altars:
Makhleb
Nemelex Xobeh
Okawaru
Sif Muna

Annotations:
D:7 Ijyb, Joseph


Innate Abilities, Weirdness & Mutations

You reflexively headbutt those who attack you in melee.
You have a pair of horns on your head.


Message History

Unknown command.
Ijyb hits you but does no damage.
Ijyb zaps a wand.
The bolt of acid hits you! The acid corrodes you!
You are splashed with acid!
The acid burns!
* * * LOW HITPOINT WARNING * * *
Okay, then.
Unknown command.
Okay, then.
Wield which item (- for none, * to show all)? (? for menu, Esc to quit)
Okay, then.
Unknown command.
Unknown command.
Unknown command.
Unknown command.
Evoke which item? (* to show all) (? for menu, Esc to quit)
Okay, then.
Your skin crawls.
You feel resistant to hostile enchantments.
You feel somewhat more hungry.
Ijyb zaps a wand.
The bolt of acid hits you!
You die...

.#
#.......#
##.'#.#
.. .#
#########
##.##[##
.#
#.#####
.# #.#
#.# #.##
##.# #.##
##@# #g##
#Y# ##p#
# #†##
#### #p#
.).#


Yh@ ...# .hh.# ...# .≈...# You could see 2 yaks, 2 humans, Ijyb, a hound and 2
jackals.

Vanquished Creatures
  Sigmund (D:3)
  5 humans (D:7)
  Menkaure (D:7)
  2 ice beasts
  2 sky beasts
  3 ogres
  A phantom (D:5)
  A centaur (D:5)
  A bullfrog (D:6)
  Blork the orc (D:4)
  A wyvern skeleton (D:6)
  A water moccasin zombie (D:7)
  2 howler monkeys
  A centaur zombie (D:6)
  3 crimson imps (D:7)
  A bullfrog zombie (D:5)
  3 orc priests
  3 hounds
  A jelly (D:5)
  A bullfrog skeleton (D:7)
  An iguana (D:6)
  2 worker ants
  7 orc wizards
  A hound zombie (D:6)
  7 adders
  10 gnolls
  A shadow imp (D:5)
  2 adder zombies
  2 adder skeletons
  5 worms
  A dart slug (D:2)
  A leopard gecko (D:2)
  25 orcs
  2 ball pythons
  2 giant cockroaches (D:6)
  6 hobgoblins
  20 jackals
  3 quokkas
  2 bats
  2 frilled lizards
  5 goblins
  3 kobolds
  A quokka skeleton (D:4)
  7 rats
153 creatures vanquished.

Notes
Turn   | Place    | Note
-------+----------+-------------------------------------------
     0 | D:1      | nicolaieve the Minotaur Berserker began the quest for the Orb.
     0 | D:1      | Reached XP level 1. HP: 19/19 MP: 0/0
     2 | D:1      | Noticed a felid
     2 | D:1      | Noticed an octopode
     4 | D:1      | Noticed a spriggan
     4 | D:1      | Noticed a demonspawn
     6 | D:1      | Noticed a naga
     8 | D:1      | Noticed a tengu
     8 | D:1      | Noticed a halfling
    10 | D:1      | Noticed a minotaur
    10 | D:1      | Noticed a human
    12 | D:1      | Noticed a vampire
    14 | D:1      | Noticed a gargoyle
    14 | D:1      | Noticed a merfolk
    16 | D:1      | Noticed an elf
    18 | D:1      | Noticed a demigod
    20 | D:1      | Noticed a centaur
    20 | D:1      | Noticed a draconian
    22 | D:1      | Noticed a formicid
    22 | D:1      | Noticed a vine stalker
    24 | D:1      | Noticed a dwarf
    24 | D:1      | Noticed an ogre
    26 | D:1      | Noticed a ghoul
    26 | D:1      | Noticed a troll
   146 | D:1      | Reached skill level 4 in Axes
   234 | D:1      | Reached XP level 2. HP: 24/26 MP: 1/1
   739 | D:2      | Reached skill level 5 in Axes
   780 | D:2      | Reached ** piety under Trog
   780 | D:2      | Reached XP level 3. HP: 22/31 MP: 2/2
  1345 | D:3      | Reached skill level 6 in Axes
  1345 | D:3      | Reached XP level 4. HP: 24/39 MP: 3/3
  1442 | D:3      | Noticed Sigmund
  1448 | D:3      | Killed Sigmund
  1448 | D:3      | Reached skill level 8 in Axes
  1448 | D:3      | Reached XP level 5. HP: 45/45 MP: 4/4
  1617 | D:3      | Reached XP level 6. HP: 37/51 MP: 5/5
  2137 | D:4      | Noticed Blork the orc
  2145 | D:4      | Reached skill level 9 in Axes
  2146 | D:4      | Killed Blork the orc
  2154 | D:4      | Reached XP level 7. HP: 5/57 MP: 6/6
  2162 | D:4      | HP: 1/57 [adder (4)]
  2463 | D:4      | Reached *** piety under Trog
  2463 | D:4      | Reached skill level 10 in Axes
  2743 | D:4      | Found a sparkling altar of Nemelex Xobeh.
  2902 | D:5      | Entered Level 5 of the Dungeon
  3159 | D:5      | Found an iron altar of Okawaru.
  3249 | D:5      | Reached skill level 11 in Axes
  3279 | D:5      | Found a staircase to the Ecumenical Temple.
  3348 | D:5      | Reached XP level 8. HP: 59/64 MP: 7/7
  3425 | D:5      | Reached skill level 12 in Axes
  3850 | D:6      | Reached skill level 13 in Axes
  3874 | D:6      | Found a burning altar of Makhleb.
  4076 | D:6      | Reached **** piety under Trog
  4210 | D:6      | Found a deep blue altar of Sif Muna.
  4380 | D:7      | Reached XP level 9. HP: 60/70 MP: 8/8
  4420 | D:7      | Noticed Menkaure
  4425 | D:7      | Killed Menkaure
  4425 | D:7      | Reached skill level 14 in Axes
  4514 | D:7      | Found a runed door.
  4520 | D:7      | Found a runed door.
  4598 | D:7      | Noticed Ijyb
  4603 | D:7      | Noticed Joseph
  4625 | D:7      | Reached skill level 15 in Axes
  4642 | D:7      | Killed from afar by Ijyb

Skill      XL: |  1  2  3  4  5  6  7  8  9 |
---------------+----------------------------+-----
Axes           | 4 5 6 8 9 11 13 15 | 15.3
Fighting       | |  3.6
Armour         | |  2.4
Dodging        | |  2.1

Action                   |  1- 3 |  4- 6 |  7- 9 || total
-------------------------+-------+-------+-------++-------
Melee: Hand axe          |    62 |    61 |    32 ||   155
       Headbutt          |    10 |    21 |    50 ||    81
       War axe           |       |       |   198 ||   198
Invok: Berserk           |       |     2 |     3 ||     5
       Trog's Hand       |       |       |     3 ||     3
  Eat: Chunk             |     1 |     3 |    12 ||    16
Armor: Animal skin       |     2 |       |       ||     2
       Ring mail         |    13 |     3 |       ||    16
       Scale mail        |       |    30 |     1 ||    31
       Chain mail        |       |       |   100 ||   100
       Plate armour      |       |       |    29 ||    29
Dodge: Dodged            |    34 |    40 |    96 ||   170
